 Dungeon Crawl Stone Soup version 0.29.1-1-gd02db6906a (webtiles) character file.

Game seed: 11969786957215777594

9994 Demigod47 the Basher (level 11, -17/85 HPs)
             Began as a Minotaur Fighter on Oct 6, 2022.
             Was the Champion of Okawaru.
             Demolished by a boulder beetle (19 damage)
             ... on level 11 of the Dungeon.
             The game lasted 00:34:08 (12964 turns).

Demigod47 the Basher (Minotaur Fighter)            Turns: 12964, Time: 00:34:09

Health: -17/85     AC: 28    Str: 25    XL:     11   Next: 30%
Magic:  20/20      EV:  9    Int:  8    God:    Okawaru [******]
Gold:   448        SH: 18    Dex: 16    Spells: 10/10 levels left

rFire   . . .      SeeInvis .   s - +2 hammer (freeze)
rCold   . . .      Faith    .   M - +2 kite shield {AC+3}
rNeg    . . .      Spirit   .   I - +0 plate armour
rPois   .          Reflect  .   e - +3 hat of Pondering {ponderous, Will+ MP+10 Int+5}
rElec   .          Harm     .   n - +2 cloak {Stlth+}
rCorr   .          Rampage  .   (no gloves)
Will    ++...                   w - +0 pair of boots
Stlth   ..........              (no amulet)
HPRegen 0.24/turn               o - ring of willpower
MPRegen 0.17/turn               x - +6 ring of dexterity

@: slow
A: horns 2, retaliatory headbutt, iridescent scales 1, large bone plates 1,
dopey 1, frail 1
a: Renounce Religion, Heroism, Finesse, Duel


You were on level 11 of the Dungeon.
You worshipped Okawaru.
Okawaru was exalted by your worship.
You visited 2 branches of the dungeon, and saw 13 of its levels.

You collected 448 gold pieces.

Inventory:

Hand Weapons
 d - a +4 quarterstaff of chaos
 s - a +2 hammer of freezing (weapon)
 y - a +2 spear of venom
 z - a +3 battleaxe
Missiles
 p - 4 boomerangs
 q - 15 poisoned darts (quivered)
 r - 95 stones
 u - 12 boomerangs of dispersal
Armour
 a - an orb of light
 c - a +0 buckler
 e - the +3 hat of Pondering (worn) {ponderous, Will+ MP+10 Int+5}
   (You took it off Gastronok on level 8 of the Dungeon)

   Int:       It affects your intelligence (+5).
   MP:        It affects your magic capacity (+10).
   Will:      It increases your willpower.
 l - a +2 leather armour of cold resistance
 n - a +2 cloak of stealth (worn)
 w - a +0 pair of boots (worn)
 I - a +0 plate armour (worn)
 J - a +1 chain mail of willpower
 M - a +2 kite shield of protection (worn)
Jewellery
 o - a ring of willpower (left hand)
 x - a +6 ring of dexterity (right hand)
 A - an amulet of the acrobat
 F - a ring of flight
 L - a ring of see invisible
Wands
 B - a wand of polymorph (5)
 G - a wand of flame (17)
Scrolls
 b - a scroll of fear
 g - 7 scrolls of poison
 h - a scroll of noise
 i - 2 scrolls of blinking
 k - 2 scrolls of identify
 t - a scroll of amnesia
 v - a scroll of enchant armour
 C - a scroll of vulnerability
 E - 4 scrolls of teleportation
 H - 2 scrolls of magic mapping
 K - 3 scrolls of immolation
Potions
 f - 2 potions of attraction
 j - 3 potions of brilliance
 m - a potion of might
 D - 3 potions of magic
 N - 3 potions of curing


   Skills:
 + Level 8.9 Fighting
 + Level 12.5 Maces & Flails
 + Level 11.1 Armour
 + Level 5.6 Dodging
 + Level 1.9 Stealth
 + Level 9.9 Shields


You had 10 spell levels left.
You didn't know any spells.
Your spell library contained the following spells:

 Spells                   Type           Power      Damage    Failure   Level
 Foxfire                  Conj/Fire      0%         2x1d4     100%        1
 Freeze                   Ice            0%         1d3       100%        1
 Ensorcelled Hibernation  Hex/Ice        0%         N/A       100%        2
 Conjure Flame            Conj/Fire      0%         6-21      100%        3
 Frozen Ramparts          Ice            0%         1d1       100%        3
 Inner Flame              Hex/Fire       0%         N/A       100%        3
 Ozocubu's Armour         Ice            0%         N/A       100%        3
 Spider Form              Tmut/Pois      0%         N/A       100%        3
 Anguish                  Hex/Necr       0%         N/A       100%        4
 Flame Wave               Conj/Fire      0%         2d4       100%        4
 Hailstorm                Conj/Ice       0%         3d3       100%        4
 Ozocubu's Refrigeration  Ice            0%         4d7       100%        7
 Storm Form               Tmut/Air       0%         N/A       100%        7
 Maxwell's Capacitive Co  Air            0%         ∞         100%        8
 Summon Lightning Spire   Summ/Air       Unusable   N/A       N/A         4

Dungeon Overview and Level Annotations

Branches:
Dungeon (12/15)            Temple (1/1) D:5            Lair (0/5) D:9
    Orc (0/2) D:10

Altars:
Ashenzari
Cheibriados
Dithmenos
Elyvilon
Fedhas
Gozag
Hepliaklqana
Kikubaaqudgha
Makhleb
Nemelex Xobeh
Okawaru
Qazlal
Ru
Sif Muna
Trog
Uskayaw
Vehumet
Wu Jian
Xom
Yredelemnul
Zin
The Shining One

Portals:
Trove: D:10 (give horn of Geryon)


Innate Abilities, Weirdness & Mutations

You have a pair of horns on your head.
You reflexively headbutt those who attack you in melee.
You are partially covered in iridescent scales. (AC +2)
You are partially covered in large bone plates. (SH +4)
You are dopey. (Int -2)
You are frail. (-10% HP)


Message History

* * * LOW HITPOINT WARNING * * *
You hit the boulder beetle but do no damage.
The boulder beetle is almost dead.
The boulder beetle attacks as you move away!
You block the boulder beetle's attack.
The boulder beetle bites you but does no damage.
You hit the boulder beetle. You freeze the boulder beetle.
You headbutt the boulder beetle, but do no damage.
The boulder beetle is almost dead.
The boulder beetle leaps!
The boulder beetle curls into a ball and begins rolling!
The boulder beetle closely misses you.
The boulder beetle stops rolling and uncurls.
There is a stone staircase leading up here.
The boulder beetle bites you but does no damage.
You climb upwards.
There is a stone staircase leading down, spattered with blood here.
You hit the boulder beetle but do no damage.
You headbutt the boulder beetle, but do no damage.
The boulder beetle is almost dead.
You block the boulder beetle's attack.
You hit the boulder beetle but do no damage.
The boulder beetle is almost dead.
The boulder beetle closely misses you.
You hit the boulder beetle. You freeze the boulder beetle.
You headbutt the boulder beetle, but do no damage.
The boulder beetle is almost dead.
You hit the boulder beetle but do no damage.
You headbutt the boulder beetle, but do no damage.
The boulder beetle is almost dead.
The boulder beetle bites you!
* * * LOW HITPOINT WARNING * * *
You hit the boulder beetle but do no damage.
The boulder beetle is almost dead.
The boulder beetle bites you but does no damage.
Okay, then.
As you read the scroll of fear, it crumbles to dust.
You assume a fearsome visage.
The boulder beetle easily resists.
The boulder beetle bites you!!
You die...

#............#(. ........##
#...........##.##..........#
.............##..#........#..
.......#...$.#..........###..
#.....................####...
#.............[.......#.####.
..........................#..
..........#..B.............#.
......#...##@............#.#.
...#...#..................
..............##..........
..............##....|....
.°##....##.....#.........
#...###............... ....#
##...##.#.##..## .....
##.....#.##### .....
#.....###


You could see a boulder beetle.

Vanquished Creatures
  Gastronok (D:8)
  A hydra (D:11)
  2 two-headed ogres
  An ugly thing (D:12)
  Maurice (D:9)
  A troll (D:10)
  A vampire (D:9)
  2 shadows
  14 yaks
  A wyvern (D:9)
  An ice beast (D:7)
  3 orc warriors
  A sky beast (D:6)
  A black bear (D:4)
  4 centaurs
  A phantom (D:6)
  A kobold brigand (D:9)
  4 bullfrogs
  A necrophage (D:6)
  A gnoll sergeant (D:9)
  2 scorpions
  8 wights
  3 killer bees (D:10)
  5 howler monkeys
  3 hounds
  2 jellies
  9 orc priests
  3 gnoll boudas
  Crazy Yiuf (D:3)
  6 iguanas
  Jessica (D:3)
  Natasha (twice) (D:3)
  Terence (D:2)
  5 orc wizards
  26 gnolls
  11 adders
  2 shadow imps
  A white imp (D:7)
  An ufetubus (D:5)
  3 worms
  6 dart slugs
  39 orcs
  3 ball pythons
  3 endoplasms
  3 giant cockroaches
  3 hobgoblins
  3 jackals (D:5)
  15 kobolds
  2 quokkas
  3 bats
  2 frilled lizards
  7 goblins
  4 rats
231 creatures vanquished.

Vanquished Creatures (others)
  A human (D:4)
  2 demonic plants (D:1)
  A fungus (D:6)
4 creatures vanquished.

Grand Total: 235 creatures vanquished

Notes
Turn   | Place    | Note
-------+----------+-------------------------------------------
     0 | D:1      | Demigod47 the Minotaur Fighter began the quest for the Orb.
     0 | D:1      | Reached XP level 1. HP: 19/19 MP: 0/0
     2 | D:1      | Noticed a demonspawn
     2 | D:1      | Noticed an ogre
     4 | D:1      | Noticed an octopode
     4 | D:1      | Noticed a minotaur
     6 | D:1      | Noticed a spriggan
     6 | D:1      | Noticed a merfolk
     8 | D:1      | Noticed a vine stalker
     8 | D:1      | Noticed a troll
    10 | D:1      | Noticed a naga
    10 | D:1      | Noticed an elf
    12 | D:1      | Noticed a human
    12 | D:1      | Noticed a vampire
    14 | D:1      | Noticed a felid
    14 | D:1      | Noticed a ghoul
    16 | D:1      | Noticed a tengu
    18 | D:1      | Noticed a gargoyle
    20 | D:1      | Noticed a draconian
    22 | D:1      | Noticed a meteoran
    22 | D:1      | Noticed a demigod
    24 | D:1      | Noticed a palentonga
    24 | D:1      | Noticed a formicid
    26 | D:1      | Noticed an octopode
    26 | D:1      | Noticed a merfolk
   346 | D:1      | Reached XP level 2. HP: 27/27 MP: 1/1
   682 | D:1      | Found a faded altar of an unknown god.
   682 | D:1      | Noticed an Ice Fiend
  1299 | D:2      | Found an iron altar of Okawaru.
  1307 | D:2      | Became a worshipper of Warmaster Okawaru
  1388 | D:2      | Noticed Terence
  1398 | D:2      | Killed Terence
  1399 | D:2      | Reached skill level 3 in Maces & Flails
  1399 | D:2      | Reached XP level 3. HP: 12/33 MP: 2/2
  1914 | D:2      | Reached XP level 4. HP: 40/40 MP: 3/3
  2438 | D:3      | Noticed Natasha
  2448 | D:3      | Killed Natasha
  2449 | D:3      | Reached skill level 4 in Maces & Flails
  2528 | D:3      | Found a runed translucent door.
  2529 | D:3      | Noticed Crazy Yiuf
  2765 | D:3      | Reached XP level 5. HP: 33/46 MP: 4/4
  2766 | D:3      | Noticed Jessica
  2771 | D:3      | Killed Jessica
  3025 | D:3      | Reached skill level 1 in Dodging
  3278 | D:3      | Noticed Natasha
  3285 | D:3      | Killed Natasha
  3286 | D:3      | Reached skill level 5 in Maces & Flails
  3334 | D:3      | Killed Crazy Yiuf
  3335 | D:3      | Reached skill level 5 in Armour
  3488 | D:4      | Reached XP level 6. HP: 53/53 MP: 5/5
  3494 | D:4      | Reached * piety under Okawaru
  3708 | D:4      | Reached skill level 6 in Maces & Flails
  4065 | D:4      | Reached XP level 7. HP: 50/60 MP: 6/6
  4141 | D:4      | Found an ancient bone altar of Kikubaaqudgha.
  4141 | D:4      | Noticed a human
  4145 | D:4      | Killed a human
  4293 | D:5      | Entered Level 5 of the Dungeon
  4334 | D:5      | Found a staircase to the Ecumenical Temple.
  4357 | Temple   | Entered the Ecumenical Temple
  4831 | D:5      | Found a hide-covered altar of Uskayaw.
  4862 | D:5      | Found a broken altar of Ashenzari.
  4875 | D:5      | Reached ** piety under Okawaru
  4880 | D:5      | Reached skill level 7 in Maces & Flails
  5099 | D:5      | Reached skill level 1 in Stealth
  5167 | D:5      | Found a hazy altar of Hepliaklqana.
  5167 | D:5      | Found a blossoming altar of Fedhas.
  5296 | D:5      | Reached skill level 5 in Fighting
  5323 | D:5      | Reached skill level 5 in Shields
  5566 | D:5      | Found a snail-covered altar of Cheibriados.
  5686 | D:6      | Reached XP level 8. HP: 68/68 MP: 7/7
  5752 | D:6      | Found a sparkling altar of Nemelex Xobeh.
  6095 | D:6      | Found a shadowy altar of Dithmenos.
  6101 | D:6      | Reached skill level 8 in Maces & Flails
  6458 | D:7      | Found a glowing golden altar of the Shining One.
  6879 | D:7      | Reached *** piety under Okawaru
  7598 | D:8      | Reached XP level 9. HP: 64/75 MP: 8/8
  7603 | D:8      | Reached skill level 9 in Maces & Flails
  7637 | D:8      | Noticed Gastronok
  7641 | D:8      | Gained mutation: You are dopey. (Int -2) [potion of
                  | mutation]
  7641 | D:8      | Gained mutation: You are partially covered in iridescent
                  | scales. (AC +2) [potion of mutation]
  7641 | D:8      | Gained mutation: You are frail. (-10% HP) [potion of
                  | mutation]
  7641 | D:8      | Gained mutation: You are partially covered in large bone
                  | plates. (SH +4) [potion of mutation]
  7762 | D:8      | Killed Gastronok
  7762 | D:8      | Reached **** piety under Okawaru
  7762 | D:8      | Reached ***** piety under Okawaru
  7763 | D:8      | Reached skill level 10 in Maces & Flails
  8275 | D:8      | Found a white marble altar of Elyvilon.
  8860 | D:8      | Found an iron altar of Okawaru.
  8861 | D:8      | Found a bloodstained altar of Trog.
  9053 | D:9      | Reached XP level 10. HP: 76/77 MP: 9/9
  9086 | D:9      | Reached skill level 11 in Maces & Flails
  9793 | D:9      | Found a staircase to the Lair.
  9820 | D:9      | Reached skill level 5 in Dodging
 10306 | D:9      | Noticed a two-headed ogre
 10312 | D:9      | Noticed Maurice
 10315 | D:9      | Killed a two-headed ogre
 10316 | D:9      | Reached skill level 10 in Armour
 10345 | D:9      | Killed Maurice
 10345 | D:9      | Reached ****** piety under Okawaru
 10696 | D:10     | Entered Level 10 of the Dungeon
 10740 | D:10     | Noticed a two-headed ogre
 10754 | D:10     | Killed a two-headed ogre
 10755 | D:10     | Reached skill level 12 in Maces & Flails
 10780 | D:10     | Received a gift from Okawaru
 10781 | D:10     | Found a portal to a secret trove of treasure.
 11086 | D:10     | Found a staircase to the Orcish Mines.
 11457 | D:10     | Reached XP level 11. HP: 85/85 MP: 10/10
 12163 | D:10     | Found a burning altar of Makhleb.
 12528 | D:11     | Noticed a five-headed hydra
 12536 | D:11     | Killed a five-headed hydra
 12597 | D:11     | Noticed a boulder beetle
 12598 | D:11     | Noticed a cyan ugly thing
 12619 | D:12     | Killed a cyan ugly thing
 12962 | D:11     | HP: 1/85 [boulder beetle (8)]
 12964 | D:11     | Demolished by a boulder beetle

Illustrated notes

Levels and vault maps discovered:
D:1:      kb_arrival_jail, layout_loops_corners,
          dreamdust_ecumenical_altar_sealed_demon
D:2:      layout_loops_cross, basic_altar, minmay_misc_feat_four_crosses,
          kennysheep_generic_room_9, uniq_terence
D:3:      layout_loops_corners, chequers_serial_rivers_marsh, uniq_jessica,
          uniq_crazy_yiuf_cottage, uniq_natasha
D:4:      layout_rooms, tgw_kikubaaqudgha, minivault_1, chequers_garden
D:5:      layout_basic, general_overflow_altar,
          mainiacjoe_overflow_divided_tiny, mainiacjoe_overflow_two_lobes,
          temple_green
D:6:      layout_cave_pools, mainiacjoe_overflow_alcove_4,
          nicolae_overflow_crystal_walls
D:7:      layout_basic, tso_altar
D:8:      layout_layer_cave, grunt_temple_overflow_bloody_war, elyvilon_altar_4,
          uniq_gastronok
D:9:      layout_long_grid, dpeg_oklobed_lair, minmay_unpleasant_kobolds,
          uniq_maurice
D:10:     layout_rooms, orc_0_dummy, serial_glass, glass_columns_b,
          glass_columns_a, glass_columns_a, glass_columns_a, glass_columns_c,
          glass_columns_a, glass_columns_a, glass_columns_a,
          nicolae_trove_entry_free_sample, david_defended_altar_orc
D:11:     layout_cave_pools, kennysheep_small_square
D:12:     cheibrodos_breeding_chamber, layout_long_grid
Temple:   compressed_dpeg_circular_temple

Skill      XL: |  1  2  3  4  5  6  7  8  9 10 11 |
---------------+----------------------------------+-----
Fighting       | 4 5 6 7 8 |  8.9
Shields        | 4 5 6 7 9 |  9.9
Maces & Flails | 3 4 5 6 7 8 10 12 | 12.5
Armour         | 4 5 6 7 9 10 11 | 11.1
Dodging        | 1 2 4 5 |  5.6
Stealth        | 1 |  1.9

Action                   |  1- 3 |  4- 6 |  7- 9 | 10-12 || total
-------------------------+-------+-------+-------+-------++-------
Melee: Flail             |    81 |    34 |       |       ||   115
       Headbutt          |    14 |    18 |    53 |    79 ||   164
       Mace              |       |   100 |   244 |   287 ||   631
Invok: Heroism           |       |       |     1 |       ||     1
  Use: Potion            |     3 |     8 |     5 |     3 ||    19
       Scroll            |       |       |    13 |     2 ||    15
 Stab: Sleeping          |       |       |     1 |       ||     1
Armor: Scale mail        |    53 |    69 |    91 |       ||   213
       Chain mail        |       |       |    71 |    77 ||   148
       Plate armour      |       |       |       |   121 ||   121
Dodge: Dodged            |    38 |    55 |   171 |    88 ||   352
Block: Buckler           |    12 |    39 |   109 |    89 ||   249
       Kite shield       |       |       |       |   135 ||   135
